 Dungeon Crawl Stone Soup version 0.16.1-4-g8e1b745 (webtiles) character file.

56 ImaNewbie the Ruffian (level 3, 0/29 HPs)
             Began as a Demonspawn Chaos Knight on Mar 27, 2015.
             Succumbed to an adder's poison
             ... on level 2 of the Dungeon.
             The game lasted 00:07:32 (2090 turns).

ImaNewbie the Ruffian (Demonspawn Chaos Knight)     Turns: 2090, Time: 00:07:33

Health: 0/29       AC:  5    Str: 13      XL:     3   Next: 69%
Magic:  3/3        EV: 11    Int: 12 (13) God:    Xom [....*.]
Gold:   720        SH:  0    Dex: 11 (12) Spells: 0 memorised, 2 levels left

rFire  . . .     SeeInvis .       - Unarmed
rCold  . . .     Clarity  +     b - +2 leather armour
rNeg   . . .     SustAb   .     (no shield)
rPois  .         Gourm    .     (no helmet)
rElec  .         Spirit   .     (no cloak)
rCorr  .         Warding  .     (no gloves)
rMut   .         Stasis   .     (no boots)
MR     .....                    (no amulet)
Stlth  ++........               (no ring)
                                f - ring of stealth

@: lethally poisoned (0 -> -19), not resistant to hostile enchantments,
unstealthy
A: talons 1, blurry vision 1, clarity, deterioration 1, powered by pain 1
a: Renounce Religion


You were on level 2 of the Dungeon.
You worshipped Xom.
You were a beloved toy of Xom.
You were not hungry.

You visited 1 branch of the dungeon, and saw 2 of its levels.

You collected 720 gold pieces.

Inventory:

Armour
 b - a +2 leather armour (worn)
Jewellery
 f - a ring of stealth (left hand)
Scrolls
 d - a scroll of enchant armour {unknown}
 e - a scroll of remove curse
 h - 2 scrolls of identify {unknown}
 i - a scroll of teleportation {unknown}
 n - a scroll of fog {unknown}
Comestibles
 a - 2 bread rations
 m - a slice of pizza
 p - 4 fruits


   Skills:
 - Level 3.0 Fighting
 + Level 3.1 Armour
 - Level 0.8 Dodging
 + Level 3.3 Unarmed Combat


You had 2 spell levels left.
You didn't know any spells.

Dungeon Overview and Level Annotations

Branches:
Dungeon (2/15)

Altars:


Innate Abilities, Weirdness & Mutations

You have sharp toenails.
You sometimes gain a little power by taking damage.
Scrolls take you a little longer to read.
You possess an exceptional clarity of mind.
Your body is slowly deteriorating.


Message History

You are more poisoned.
The adder poisons you!
You begin reading the scroll.
You continue reading the scroll.
* * * LOW HITPOINT WARNING * * *
You feel sick. The adder bites you.
* * * LOW HITPOINT WARNING * * *
You are more poisoned.
The adder poisons you!
As you read the scroll labeled QOLAIJO NIHIE, it crumbles to dust.
You feel blessed for a moment.
It was a scroll of remove curse.
Xom is mildly amused.
You hit the adder.
The adder is severely wounded.
* * * LOW HITPOINT WARNING * * *
You feel sick. The adder bites you but does no damage. The adder bites you.
* * * LOW HITPOINT WARNING * * *
You barely miss the adder. Your kick misses the adder.
The adder is severely wounded.
You die...
Xom cackles wildly!

#......# ....
#######......#
.....
#.........)..#
#.....
#............#
#.....
#.........#'##
#.....
###########.#
#..... #r# #.....
#S#### ##########
#@...# #........#
#....####........#
#....'..)........'
#....####........#
###### ##########


You could see an adder and a rat.

Vanquished Creatures
  An adder (D:2)
  A worm (D:2)
  A giant gecko (D:1)
  2 giant cockroaches
  4 goblins
  5 hobgoblins
  6 jackals (D:1)
  6 bats
  3 giant newts
  4 kobolds
  5 rats (D:1)
38 creatures vanquished.

Notes
Turn   | Place    | Note
--------------------------------------------------------------
     0 | D:1      | ImaNewbie, the Demonspawn Chaos Knight, began the quest for the Orb.
     0 | D:1      | Reached XP level 1. HP: 18/18 MP: 1/1
    37 | D:1      | XOM: divination: detect creatures
   420 | D:1      | Gained mutation: You sometimes gain a little power by taking damage. [demonic ancestry]
   420 | D:1      | Reached XP level 2. HP: 24/24 MP: 2/2
   695 | D:1      | XOM: cast spell 'Confusing Touch'
  1075 | D:1      | XOM: harmless Tloc miscast
  1131 | D:2      | Gained mutation: You have sharp toenails. [demonic ancestry]
  1131 | D:2      | Reached XP level 3. HP: 22/29 MP: 3/3
  1602 | D:2      | XOM: silly message
  1646 | D:2      | XOM: god gift: 690 gold pieces
  1697 | D:2      | Gained mutation: You possess an exceptional clarity of mind. [potion of mutation]
  1697 | D:2      | Gained mutation: Your body is slowly deteriorating. [potion of mutation]
  1697 | D:2      | Gained mutation: Scrolls take you a little longer to read. [potion of mutation]
  2090 | D:2      | Succumbed to an adder's poison

Action                   || total
-------------------------++-------
Melee: Unarmed           ||   210
  Use: Potion            ||     6
       Scroll            ||     1
 Stab: Sleeping          ||     1
  Eat: Chunk             ||     4
